cohdb
Replays
Latest Replays
All Replays
Popular Replays
Top Player Replays
Match Explorer
How It Works
Community
CoH3 Stats
Reddit
Sign in to upload your games and track your stats! →
Sign in with Steam
Match 40921782
Unlisted
Match 40921782
Overview
Messages
Build Orders
End
Engineer Squad
Construct Barracks
Riflemen Squad
Riflemen Squad
Infantry Support Center
Construct Medical Station
Riflemen Squad
Construct Weapon Support Center
Grenade Package
Selects Heavy Weapons
Selects M2HB .50cal Heavy Machine Gun
Selects Assault Carriers
Silac
Lucifi
Why So Serious?
[QSA] Aerocrastic
6block
qazxsw
Howdy?
YangXYZ
0
0
Comments
sign in to comment!
No comments posted yet!